 Dungeon Crawl Stone Soup version 0.27.1-1-g398f81649c (webtiles) character file.

Game seed: 10091038566560162591

1807 Rickety the Covert (level 8, -5/38 HPs)
             Began as a Spriggan Enchanter on Sept 13, 2021.
             Was an Initiate of Dithmenos.
             Slain by Harold (16 damage)
             ... on level 7 of the Dungeon.
             The game lasted 00:23:00 (7490 turns).

Rickety the Covert (Spriggan Enchanter)             Turns: 7490, Time: 00:23:00

Health: -5/38      AC:  3    Str:  8    XL:     8   Next: 84%
Magic:  10/18      EV: 10    Int: 22    God:    Dithmenos [......]
Gold:   377        SH:  0    Dex: 18    Spells: 7/19 levels left

rFire    . . .     SeeInvis +   a - +2 dagger (venom)
rCold    . . .     Faith    .   (shield restricted)
rNeg     . . .     Spirit   .   b - +1 robe
rPois    +         Reflect  .   (helmet restricted)
rElec    .         Harm     .   (no cloak)
rCorr    .         Rampage  .   (gloves unavailable)
Will     +++..                  (boots unavailable)
Stlth    +++++.....             o - amulet of regeneration
HPRegen  1.12/turn              g - ring of willpower
MPRegen  0.16/turn              u - ring "Ecigadorch" {Drain rPois Will+ Str+4 Int+6}

@: held, very quick
A: very small, no large weapons, unfitting armour, see invisible, speed 3
a: Renounce Religion


You were on level 7 of the Dungeon.
You worshipped Dithmenos.
Dithmenos was noncommittal.
You visited 2 branches of the dungeon, and saw 8 of its levels.

You collected 377 gold pieces.

Inventory:

Hand Weapons
 a - a +2 dagger of venom (weapon)
Missiles
 l - 11 poisoned darts (quivered)
 y - 5 datura-tipped darts
Armour
 b - a +1 robe (worn)
 k - a +0 buckler
Jewellery
 g - a ring of willpower (left hand)
 o - an amulet of regeneration (around neck)
 u - the ring "Ecigadorch" (right hand) {Drain rPois Will+ Str+4 Int+6}
   (You acquired it on level 4 of the Dungeon)

   [ring of intelligence]

   Str:       It affects your strength (+4).
   Int:       It affects your intelligence (+6).
   rPois:     It protects you from poison.
   Drain:     It drains your maximum health when unequipped.
   Will:      It increases your willpower.
 A - a ring of resist corrosion
Wands
 s - a wand of polymorph (8)
 v - a wand of charming (12)
Scrolls
 d - 2 scrolls of acquirement
 h - 3 scrolls of enchant armour
 i - 2 scrolls of teleportation
 j - a scroll of noise
 m - 2 scrolls of vulnerability
 n - a scroll of blinking
 p - 2 scrolls of identify
 t - 2 scrolls of magic mapping
Potions
 c - 3 potions of lignification
 e - a potion of invisibility {unknown}
 f - 2 potions of curing
 r - a potion of cancellation {unknown}
 w - 3 potions of haste {unknown}
 x - a potion of ambrosia {unknown}
 z - a potion of attraction {unknown}


   Skills:
 * Level 1.7 Fighting
 * Level 3.8 Short Blades
 * Level 1.7 Throwing
 * Level 4.6 Dodging
 * Level 11.1 Stealth
 * Level 0.7 Shields
 * Level 6.0 Spellcasting
 * Level 1.1 Conjurations
 * Level 6.0 Hexes
 - Level 2.0 Ice Magic
 * Level 2.3 Evocations


You had 7 spell levels left.
You knew the following spells:

 Your Spells              Type           Power      Damage    Failure   Level
a - Corona                Hex            36%        N/A       1%          1
b - Ensorcelled Hibernat  Hex/Ice        48%        N/A       2%          2
c - Confusing Touch       Hex            33%        N/A       2%          3
d - Dazzling Flash        Conj/Hex       44%        N/A       6%          3
t - Tukima's Dance        Hex            33%        N/A       2%          3

Your spell library contained the following spells:

 Spells                   Type           Power      Damage    Failure   Level
 Corpse Rot               Necr/Air       N/A        N/A       14%         2
 Poisonous Vapours        Pois/Air       12%        N/A       14%         2
 Sublimation of Blood     Necr           3%         N/A       14%         2
 Petrify                  Tmut/Erth      6%         N/A       65%         4
 Freezing Cloud           Conj/Ice/Air   5%         6-21      86%         5
 Irradiate                Conj/Tmut      4%         3d15      89%         5


Dungeon Overview and Level Annotations

Branches:
Dungeon (7/15)             Temple (1/1) D:6

Altars:
Cheibriados
Dithmenos
Elyvilon
Fedhas
Hepliaklqana
Kikubaaqudgha
Makhleb
Nemelex Xobeh
Okawaru
Qazlal
Ru
Sif Muna
Trog
Uskayaw
Vehumet
Wu Jian
Xom
Yredelemnul
Zin
The Shining One

Annotations:
D:3 3 runed translucent doors, Icepheonix32's ghost, amateur KoWr
D:7 Harold; Maggie


Innate Abilities, Weirdness & Mutations

You are very small and have problems with some larger weapons.
You are too small for most types of armour.
You have supernaturally acute eyesight. (SInv)
You cover ground extremely quickly. (Speed+++)


Message History

You spit Harold like a pig!!!
Harold looks as sick as possible!
Harold is severely wounded.
Harold completely misses you.
Casting: Ensorcelled Hibernation (safe; 2% risk of failure)
Confirm with . or Enter, or press ? or * to list all spells.
Aiming: Ensorcelled Hibernation (safe; 2% risk of failure)
Press: ? - help, Shift-Dir - straight line, f - Harold
Aim: Harold, wielding a +0 war axe, wearing a +0 scale mail of positive energy and quivering 2 throwing nets (severely wounded, extremely poisoned, chance to affect: 21%) Harold resists with almost no effort.
Harold hits you with a +0 war axe!
Unknown command.
Casting: Ensorcelled Hibernation (safe; 2% risk of failure)
Confirm with . or Enter, or press ? or * to list all spells.
Aiming: Ensorcelled Hibernation (safe; 2% risk of failure)
Press: ? - help, Shift-Dir - straight line, f/p - Harold
Aim: Harold, wielding a +0 war axe, wearing a +0 scale mail of positive energy and quivering 2 throwing nets (severely wounded, extremely poisoned, chance to affect: 21%) Harold resists with almost no effort.
Harold misses you.
Casting: Ensorcelled Hibernation (safe; 2% risk of failure)
Confirm with . or Enter, or press ? or * to list all spells.
Aiming: Ensorcelled Hibernation (safe; 2% risk of failure)
Press: ? - help, Shift-Dir - straight line, f/p - Harold
Aim: Harold, wielding a +0 war axe, wearing a +0 scale mail of positive energy and quivering 2 throwing nets (almost dead, extremely poisoned, chance to affect: 21%) Harold resists with almost no effort.
Harold barely misses you.
Harold throws a throwing net.
The throwing net hits you.
You become entangled in the net!
You see here a throwing net.
You struggle against the net.
Maggie says, "Did Master Lance send you?"
You struggle against the net.
Harold hits you with a +0 war axe!!
Ouch! That really hurt!
* * * LOW HITPOINT WARNING * * *
You feel better.
Maggie casts a spell.
Maggie attempts to bespell you! You resist with some effort.
Harold says, "Listen, it's nothing personal.
It's just a job."
Harold gestures at you while chanting. You resist with significant effort.
Casting: Ensorcelled Hibernation (safe; 2% risk of failure)
Confirm with . or Enter, or press ? or * to list all spells.
Maggie is dazzled.
Maggie barely misses you. Harold hits you with a +0 war axe!
You die...

.. #.# #####. .. ......
####.###...... #.............
#............. #.............
#.....@@......
#########.....@.......
#......##..........>..
#......#######.#......
#......#######'######.#
#......#..............#
#......#..............#
#......#..[...........#
#......#..............#
#.....................#######


You could see Harold (extremely poisoned) and Maggie (blind).

Vanquished Creatures
  Grinder (D:3)
  Eustachio (D:5)
  An orc warrior (D:7)
  A water moccasin (D:5)
  An ice beast (D:5)
  2 black bears
  A necrophage (D:6)
  2 phantoms
  A scorpion (D:5)
  A water moccasin skeleton (D:5)
  3 hounds
  A centaur skeleton (D:5)
  2 bullfrog skeletons
  2 orc priests
  Ijyb (D:4)
  2 iguanas (D:5)
  4 orc wizards
  2 killer bee zombies
  A hound zombie (D:5)
  10 adders
  An ufetubus (D:4)
  A worm (D:4)
  4 dart slugs
  12 orcs
  7 ball pythons
  3 bats (D:2)
  6 endoplasms
  7 giant cockroaches
  10 goblins
  7 hobgoblins
  4 jackals (D:1)
  4 quokkas
  3 frilled lizards
  5 kobolds
  4 rats
118 creatures vanquished.

Vanquished Creatures (collateral kills)
  An orc wizard (D:7)
1 creature vanquished.

Vanquished Creatures (others)
  A dancing weapon (D:7)
1 creature vanquished.

Grand Total: 120 creatures vanquished

Notes
Turn   | Place    | Note
-------+----------+-------------------------------------------
     0 | D:1      | Rickety the Spriggan Enchanter began the quest for the Orb.
     0 | D:1      | Reached XP level 1. HP: 9/9 MP: 5/5
   209 | D:1      | Found a faded altar of an unknown god.
   314 | D:1      | Reached skill level 5 in Stealth
   319 | D:1      | Reached XP level 2. HP: 13/13 MP: 3/6
   322 | D:1      | Learned a level 2 spell: Ensorcelled Hibernation
  1292 | D:2      | Reached XP level 3. HP: 16/16 MP: 8/8
  1755 | D:2      | Reached skill level 6 in Stealth
  2081 | D:2      | Reached XP level 4. HP: 19/21 MP: 6/9
  3066 | D:3      | Noticed Grinder
  3069 | D:3      | Found a runed translucent gate.
  3164 | D:3      | Reached XP level 5. HP: 24/24 MP: 5/11
  3203 | D:2      | Learned a level 3 spell: Confusing Touch
  3207 | D:2      | Learned a level 3 spell: Dazzling Flash
  3405 | D:3      | HP: 1/24 [Grinder (1)]
  3497 | D:3      | Reached skill level 7 in Stealth
  3719 | D:3      | Noticed Icepheonix32's ghost (amateur KoWr)
  3720 | D:3      | Found a runed translucent gate.
  3720 | D:3      | Found a runed translucent gate.
  4020 | D:3      | Killed Grinder
  4021 | D:3      | Reached skill level 8 in Stealth
  4021 | D:3      | Reached skill level 1 in Ice Magic
  4021 | D:3      | Reached XP level 6. HP: 16/29 MP: 7/13
  4394 | D:4      | Found a shimmering altar of Xom.
  4432 | D:4      | Identified 2 scrolls of acquirement
  4432 | D:4      | Acquired the ring "Ecigadorch" {Drain rPois Will+ Str+4
                  | Int+6}
  4646 | D:4      | Reached skill level 9 in Stealth
  4646 | D:4      | Reached skill level 5 in Hexes
  4646 | D:4      | Reached XP level 7. HP: 32/32 MP: 9/15
  4727 | D:4      | Found a sparkling altar of Nemelex Xobeh.
  5069 | D:4      | Learned a level 3 spell: Tukima's Dance
  5192 | D:4      | Found a glowing golden altar of the Shining One.
  5232 | D:4      | Found a snail-covered altar of Cheibriados.
  5259 | D:4      | Noticed Ijyb
  5265 | D:4      | Killed Ijyb
  5266 | D:4      | Reached skill level 5 in Spellcasting
  5485 | D:5      | Entered Level 5 of the Dungeon
  5570 | D:5      | Noticed Eustachio
  5574 | D:5      | Killed Eustachio
  5639 | D:5      | Reached skill level 10 in Stealth
  5706 | D:5      | Reached skill level 1 in Fighting
  5711 | D:5      | Reached XP level 8. HP: 37/37 MP: 5/16
  5841 | D:5      | Reached skill level 1 in Evocations
  6037 | D:5      | Reached skill level 1 in Throwing
  6574 | D:6      | Found a staircase to the Ecumenical Temple.
  6583 | Temple   | Entered the Ecumenical Temple
  6597 | Temple   | Became a worshipper of Dithmenos the Shadowed
  6893 | D:6      | Reached skill level 1 in Conjurations
  7008 | D:6      | Reached skill level 11 in Stealth
  7476 | D:7      | Noticed Harold
  7478 | D:7      | Noticed Maggie
  7490 | D:7      | Slain by Harold

Illustrated notes

Levels and vault maps discovered:
D:1:      nicolae_arrival_washed_ashore, layout_basic,
          shapermc_ecumenical_altar_totnotflames
D:2:      layout_loops_ring
D:3:      layout_loops_ring, ebering_ghost_rock_garden, uniq_grinder
D:4:      layout_basic, mainiacjoe_overflow_24_doors,
          mainiacjoe_overflow_tiny_flanked, jmf_multi_god_temple,
          serial_corexii_hall, corexii_hall_statues_l, corexii_hall_statues_t,
          uniq_ijyb
D:5:      layout_cave_pools, kennysheep_minor_cross, uniq_eustachio
D:6:      layout_basic, minmay_temple_entry_drinking_statues,
          kennysheep_nondescript
D:7:      layout_basic, uniq_maggie, uniq_pikel, uniq_harold
Temple:   regret_index_temple_sphere_string

Skill      XL: |  1  2  3  4  5  6  7  8 |
---------------+-------------------------+-----
Stealth        | 5 6 8 9 10 11 | 11.1
Spellcasting   | 3 4 5 6 |  6.0
Hexes          | 4 5 6 |  6.0
Dodging        | 3 4 |  4.6
Short Blades   | 2 3 |  3.8
Ice Magic      | 1 2 |  2.0
Fighting       | 1 |  1.7
Evocations     | 2 |  2.3
Throwing       | 1 |  1.7
Conjurations   | 1 |  1.1
Shields        | |  0.7

Action                   |  1- 3 |  4- 6 |  7- 9 || total
-------------------------+-------+-------+-------++-------
Melee: Dagger            |   112 |   112 |   161 ||   385
 Cast: Corona            |     4 |     2 |       ||     6
       Ensorcelled Hiber |    26 |    55 |    30 ||   111
       Confusing Touch   |       |     5 |    12 ||    17
       Dazzling Flash    |       |       |     4 ||     4
       Tukima's Dance    |       |       |     3 ||     3
  Use: Scroll            |       |     1 |    12 ||    13
       Potion            |       |     1 |     1 ||     2
 Stab: Sleeping          |    30 |    27 |    26 ||    83
       Confused          |       |     6 |    13 ||    19
Armor: Robe              |    11 |     8 |    14 ||    33
Dodge: Dodged            |    84 |    82 |   146 ||   312
